Map: Central Protocol

Players

HuK

  • Race: Protoss Protoss
  • League: Grandmaster

AcerNerchio (Nerchio) - Winner!

  • Race: Zerg Zerg

Event: Gauntlet Monday Night

VOD

Have the link to the VOD?

Description

Time

  • Played on: Jan. 4, 2016, 5:53 p.m.
  • Length: 9:54

All games in this series

Show
View Real Time Build Order
Export as new Build Order

HuK Protoss 

Build Orders:  

Get SALT Encoding   

  12  0:01  Probe (Chrono Boost)  
  13  0:13  Probe (Chrono Boost)  
  14  0:20  Pylon  
  14  0:23  Probe (Chrono Boost)  
  15  0:39  Probe (Chrono Boost)  
  16  0:43  Gateway  
  16  0:46  Assimilator  
  16  0:49  Probe (Chrono Boost)  
  17  0:53  Assimilator  
  17  1:00  Probe (Chrono Boost)  
  18  1:05  Gateway  
  18  1:10  Probe (Chrono Boost)  
  19  1:21  Probe (Chrono Boost)  
  20  1:31  Probe (Chrono Boost)  
  21  1:35  Cybernetics Core  
  21  1:41  Pylon  
  21  1:42  Probe (Chrono Boost)  
  22  1:52  Probe (Chrono Boost)  
  23  2:03  Probe (Chrono Boost)  
  24  2:13  Warp Gate (Chrono Boost)  
  24  2:14  Adept x2 (Chrono Boost)  
  28  2:16  Mothership Core  
  30  2:26  Pylon  
  30  2:45  Probe  
  31  2:51  Robotics Facility  
  31  2:53  Gateway  
  31  2:57  Probe  
  32  3:11  Nexus  
  32  3:14  Sentry  
  34  3:22  Pylon  
  34  3:26  Pylon  
  34  3:38  Probe  
  32  3:50  Probe  
  31  4:01  Observer  
  32  4:02  Probe  
  32  4:06  Pylon  
  33  4:13  Sentry x3  
  39  4:23  Probe  
  40  4:35  Probe x2  
  40  4:37  Adept x3  
  42  4:47  Probe  
  43  4:54  Probe  
  43  4:59  Probe  
  45  5:02  Sentry x2  
  50  5:09  Pylon  
  50  5:15  Warp Prism (Chrono Boost)  
  50  5:16  Probe  
  52  5:24  Sentry  
  52  5:26  Adept  
  56  5:30  Adept  
  56  5:32  Probe  
  56  5:33  Probe  
  60  5:44  Probe, Pylon  
  60  5:48  Probe  
  61  5:52  Adept x3  
  61  5:57  Probe  
  68  6:00  Probe  
  69  6:09  Probe, Assimilator  
  69  6:12  Probe  
  69  6:15  Adept x3  
  76  6:21  Probe  
  76  6:23  Assimilator  
  69  6:45  Immortal (Chrono Boost)  
  69  6:46  Probe  
  68  6:53  Sentry, Zealot x2  
  72  6:57  Gateway  
  72  6:58  Gateway  
  72  7:01  Pylon  
  72  7:02  Probe  
  73  7:13  Pylon  
  73  7:18  Adept  
  73  7:19  Adept x2  
  83  7:24  Pylon  
  83  7:26  Pylon  
  75  7:31  Robotics Facility  
  75  7:35  Probe  
  76  7:40  Gateway  
  76  7:41  Pylon  
  76  7:44  Adept x2  
  76  7:45  Adept  
  82  7:59  Sentry x2  
  86  8:13  Sentry x3  
  86  8:14  Pylon  
  86  8:18  Nexus  
  86  8:19  Pylon  
  96  8:20  Immortal (Chrono Boost)  
  96  8:34  Pylon  
  96  8:36  Stalker  
  96  8:37  Stalker x2  
  92  8:49  Robotics Bay  
  92  8:50  Zealot x2  
  92  8:52  Sentry  
  98  8:56  Probe  
  98  8:57  Probe  
  98  9:01  Stalker x2  
  104  9:10  Stalker  
  104  9:13  Probe x2  
  100  9:27  Stalker x3  
  92  9:35  Adept  
  92  9:36  Adept x2  
Show
View Real Time Build Order
Export as new Build Order

AcerNerchio Zerg - Winner!

Build Orders: Hatch First 

Get SALT Encoding   

  12  0:01  Drone  
  13  0:12  Overlord  
  13  0:18  Drone  
  14  0:30  Drone x2  
  14  0:34  Drone  
  17  0:52  Hatchery  
  17  0:55  Drone  
  17  0:58  Drone  
  17  1:02  Extractor  
  17  1:15  Spawning Pool  
  17  1:17  Drone  
  17  1:21  Drone  
  18  1:28  Drone  
  19  1:38  Overlord  
  19  1:53  Drone  
  20  2:01  Zergling x2, Queen  
  20  2:02  Metabolic Boost  
  20  2:05  Queen  
  25  2:09  Zergling x2  
  25  2:12  Drone  
  27  2:16  Drone  
  27  2:21  Drone  
  29  2:26  Drone  
  30  2:39  Hatchery  
  29  2:46  Drone x2  
  29  2:48  Evolution Chamber  
  30  2:54  Zergling x4  
  30  2:55  Zergling x2  
  33  3:01  Zergling x2  
  34  3:06  Overlord  
  34  3:10  Zergling x4  
  36  3:25  Zergling x12  
  41  3:35  Zergling x4  
  41  3:43  Zergling x4  
  41  3:44  Overlord  
  42  3:54  Drone x5  
  45  3:57  Queen  
  47  4:03  Drone  
  47  4:05  Drone x2  
  50  4:11  Queen  
  52  4:19  Overlord  
  52  4:24  Drone x2  
  52  4:25  Drone x2  
  52  4:27  Drone  
  52  4:29  Overlord x2  
  57  4:32  Overlord  
  57  4:35  Drone  
  57  4:38  Drone  
  56  4:39  Drone  
  56  4:44  Drone x2  
  58  4:48  Extractor  
  58  4:50  Roach Warren  
  58  4:51  Drone x2  
  58  4:53  Drone  
  58  4:58  Lair  
  58  4:59  Extractor  
  57  5:01  Drone  
  57  5:02  Drone  
  57  5:03  Drone  
  57  5:05  Drone  
  57  5:06  Drone  
  61  5:07  Drone  
  61  5:09  Drone  
  61  5:10  Drone  
  63  5:22  Zergling x14  
  63  5:25  Overlord  
  70  5:37  Overlord x2  
  70  5:40  Drone x3  
  70  5:41  Drone  
  74  5:53  Overlord x2  
  74  5:54  Roach x7  
  88  6:00  Queen x2  
  88  6:04  Roach  
  93  6:05  Roach  
  93  6:06  Roach  
  93  6:10  Roach x2  
  100  6:13  Roach x2  
  100  6:17  Ravager  
  100  6:18  Ravager  
  105  6:20  Ravager x2  
  105  6:23  Roach  
  105  6:24  Zergling x12  
  115  6:28  Roach  
  115  6:32  Roach  
  114  6:34  Roach  
  114  6:36  Zergling x6  
  114  6:39  Zergling x2  
  119  6:42  Zergling x2  
  119  6:44  Zergling x4  
  119  6:46  Overlord  
  121  6:48  Overlord  
  121  6:52  Overlord  
  121  7:03  Drone  
  121  7:04  Drone x2  
  121  7:06  Drone  
  121  7:08  Zerg Missile Weapons Level 1, Drone, Extractor  
  126  7:10  Drone, Glial Reconstitution  
  126  7:13  Hydralisk Den  
  125  7:16  Drone  
  125  7:21  Drone x2  
  119  7:30  Drone x2  
  119  7:31  Queen  
  119  7:32  Extractor x2  
  123  7:37  Roach  
  123  7:40  Overlord  
  123  7:43  Roach x7  
  137  7:44  Roach  
  139  7:51  Overlord x2  
  139  7:53  Muscular Augments  
  139  7:55  Overlord  
  139  8:01  Overseer, Hydralisk  
  139  8:02  Hydralisk  
  143  8:08  Hydralisk x2  
  143  8:11  Hydralisk  
  149  8:14  Hydralisk  
  149  8:17  Roach  
  149  8:18  Roach  
  149  8:19  Roach  
  156  8:22  Roach x2  
  156  8:24  Roach  
  162  8:27  Hydralisk  
  162  8:30  Hydralisk  
  166  8:35  Hydralisk  
  166  8:38  Roach x3  
  166  8:40  Roach  
  176  8:45  Overlord x5  
  176  8:49  Hatchery  
  176  8:52  Overlord x2  
  175  9:04  Ravager x5  
  175  9:05  Roach  
  175  9:06  Roach  
  175  9:08  Roach  
  175  9:09  Roach  
  188  9:10  Roach  
  188  9:12  Roach  
  188  9:15  Roach  
  188  9:16  Roach  
  198  9:17  Roach  
  198  9:21  Roach x3  
  192  9:27  Roach  
  192  9:28  Roach x2  
  192  9:29  Roach  
  192  9:30  Roach  
  180  9:32  Roach x2  
  180  9:35  Roach x2  
Tags
 
Add a new tag
Caveats
  • Supply blocks, unpowered buildings, or Contaminate may cause inaccurate times.
  • Supply counts are checked every 10 seconds.